 Dungeon Crawl Stone Soup version 0.26.0-9-gab577f9fc5 (webtiles) character file.

Game seed: 1310798182630872029

478 EnegeticOcto the Cleaver (level 6, -18/55 HPs)
             Began as a Deep Dwarf Fighter on Jan 13, 2021.
             Demolished by an orc knight
             ... wielding a +4 glaive
              (45 damage)
             ... in a bailey.
             The game lasted 00:05:36 (819 turns).

EnegeticOcto the Cleaver (Deep Dwarf Fighter)        Turns: 819, Time: 00:05:36

Health: -18/55     AC: 11    Str: 21    XL:     6   Next: 86%
Magic:  2/2        EV:  3    Int:  9    God:
Gold:   201        SH:  9    Dex: 12    Spells: 5/5 levels left

rFire    . . .     SeeInvis .   a - +0 war axe
rCold    . . .     Faith    .   c - +0 kite shield
rNeg     . . .     Spirit   .   k - +0 plate armour
rPois    .         Reflect  .   (no helmet)
rElec    .         Harm     .   (no cloak)
rCorr    .         Rampage  .   (no gloves)
Will     .....                  (no boots)
Stlth    ..........             (no amulet)
HPRegen  0.00/turn              e - ring of attention
MPRegen  0.08/turn              (no ring)

@: non-regenerating
A: damage resistance, heal wounds, sense surroundings 1, no regeneration
a: Heal Wounds


You were in a bailey.
You visited 1 branch of the dungeon, and saw 7 of its levels.
You also visited: Bailey.

You collected 201 gold pieces.

Inventory:

Hand Weapons
 a - a +0 war axe (weapon)
Armour
 b - a +0 scale mail
 c - a +0 kite shield (worn)
 k - a +0 plate armour (worn)
   (You found it on level 2 of the Dungeon)
Jewellery
 e - a ring of attention (left hand)
   (You found it on level 1 of the Dungeon)
Wands
 f - a wand of paralysis (4)
   (You found it on level 4 of the Dungeon)
Potions
 d - 2 potions of might {@q3 !q}
 i - a potion of haste {unknown}


   Skills:
 - Level 2.6 Fighting
 + Level 8.2 Axes
 - Level 3.2 Armour
 - Level 3.2 Shields


You had 5 spell levels left.
You didn't know any spells.
Your spell library contained the following spells:

 Spells                   Type           Power        Failure   Level
 Confusing Touch          Hex            0%           100%        3
 Gell's Gravitas          Tloc           0%           100%        3
 Petrify                  Tmut/Erth      0%           100%        4
 Metabolic Englaciation   Hex/Ice        0%           100%        5
 Yara's Violent Unravell  Hex/Tmut       0%           100%        5


Dungeon Overview and Level Annotations

Branches:
Dungeon (7/15)             Bailey (1/1)
 Temple: D:4-7

Altars:

Annotations:
D:5 Pikel


Innate Abilities, Weirdness & Mutations

You are resistant to damage.
You can heal yourself by infusing magical energy.
You passively map a small area around you.
You do not regenerate.


Message History

You feel much better.
You aren't carrying any scrolls.
Unknown command.
Okay, then.
The orc knight hits you from afar with a +0 trident!!
You block the orc knight's attack.
You feel much better.
The orc warrior no longer looks unusually strong.
The orc warrior hits you but does no damage.
You open the door.
An orc warrior comes into view. It is wielding a +0 spear.
The orc warrior shouts!
The orc knight roars a battlecry!
The orc warrior goes into a battle-frenzy!
The orc warrior moves out of view.
There is an open door here.
The orc knight no longer looks unusually strong.
You block the orc warrior's attack.
The orc warrior hits you but does no damage.
You barely miss the orc warrior.
The orc warrior hits you but does no damage.
You hit the orc warrior but do no damage.
The orc warrior hits you with a +0 spear!
Your shield prevents you from hitting the orc warrior.
The orc warrior barely misses you.
You hit the orc warrior but do no damage.
The orc knight roars a battlecry!
You block the orc warrior's attack.
The orc warrior hits you but does no damage.
You closely miss the orc warrior.
The orc warrior hits you with a +0 spear.
You slash the orc warrior!
The orc warrior is moderately wounded.
The orc warrior hits you with a +0 spear!
You hit the orc warrior but do no damage.
The orc warrior is moderately wounded.
The orc warrior hits you with a +0 spear.
You are too injured to fight recklessly!
You are too injured to fight recklessly!
Your shield prevents you from hitting the orc warrior.
The orc warrior is moderately wounded.
The orc warrior hits you with a +0 spear!
You hit the orc warrior.
The orc warrior is moderately wounded.
The orc warrior hits you with a +0 spear!
You hit the orc warrior.
The orc warrior is heavily wounded.
The orc warrior barely misses you. The orc warrior completely misses you.
You completely miss the orc warrior.
The orc warrior is heavily wounded.
You block the orc warrior's attack.
The orc knight roars a battlecry!
You hit the orc warrior.
The orc warrior is heavily wounded.
You block the orc warrior's attack.
You feel much better. You block the orc warrior's attack.
You completely miss the orc warrior.
The orc warrior is heavily wounded.
The orc warrior hits you but does no damage.
You slash the orc warrior!
The orc warrior is almost dead.
You block the orc warrior's attack.
You hit the orc warrior but do no damage.
The orc warrior is almost dead.
The orc warrior hits you with a +0 spear.
You hit the orc warrior but do no damage.
The orc warrior is almost dead.
The orc knight roars a battlecry!
The orc warrior barely misses you. You block the orc warrior's attack.
You hit the orc warrior but do no damage.
The orc warrior is almost dead.
The orc warrior curses loudly.
The orc warrior hits you with a +0 spear!
You slash the orc warrior!
You kill the orc warrior!
Your Axes skill increases to level 8!
Things that are here:
a +0 spear; a +0 plate armour You feel much better.
You open the large door.
Found 55 gold pieces.
There is a large open door here.
There is a large open door here.
You now have 158 gold pieces (gained 12).
You now have 173 gold pieces (gained 15).
You now have 192 gold pieces (gained 19).
You now have 201 gold pieces (gained 9).
There is a large open door here.
There is a large open door here.
The orc knight roars a battlecry!
The orc knight roars a battlecry!
The orc knight goes into a battle-frenzy!
There is an open door here.
You block the orc knight's attack.
The orc knight hits you from afar with a +0 trident.
The orc knight hits you from afar with a +4 glaive!
The orc knight hits you from afar with a +0 trident!
The orc knight hits you from afar with a +4 glaive!!!
Ouch! That really hurt!
You die...

.#############+###'########
, * , *#.........##.....# ,
..## ,* ..≈≈≈§≈≈§..##...##
≈..## ,§≈≈.....≈≈..##.##,
≈≈..# ≈≈..⌠∩⌠..≈≈..#'#,
≈≈..# ≈≈...⌠.oo§≈..#'# ≈,
≈..# , .≈≈...oo≈≈..##.## ≈
..## *
..≈≈§≈≈≈≈..##.).##..≈ .#
#......@..#'.....# .## *
*#####+############* ,
..##### , , ,... ≈≈≈≈≈≈## ,
≈≈≈≈≈, .......# * * .....
#####.## , * , , *** #####
##...## , ..#### , ≈ * ###
,,


You could see 3 orc knights and an orc warrior (strong).

Vanquished Creatures
  2 orc warriors (Bailey)
  2 lemures (D:4)
  A howler monkey (D:3)
  2 orc priests
  An orc wizard (D:3)
  An iguana (D:5)
  4 adders
  A white imp (D:7)
  3 oozes
  13 orcs
  A ball python (D:2)
  7 giant cockroaches
  6 goblins
  A hobgoblin (D:2)
  9 jackals
  2 quokkas
  2 bats
  2 frilled lizards (D:4)
  A jackal skeleton (D:3)
  A kobold (D:3)
  4 rats
66 creatures vanquished.

Notes
Turn   | Place    | Note
-------+----------+-------------------------------------------
     0 | D:1      | EnegeticOcto the Deep Dwarf Fighter began the quest for the
                  | Orb.
     0 | D:1      | Reached XP level 1. HP: 20/20 MP: 1/1
   107 | D:2      | Reached skill level 3 in Axes
   107 | D:2      | Reached XP level 2. HP: 24/27 MP: 2/2
   282 | D:3      | Reached XP level 3. HP: 12/33 MP: 3/3
   284 | D:3      | Reached skill level 4 in Axes
   307 | D:3      | Reached XP level 4. HP: 32/40 MP: 4/4
   337 | D:3      | Reached skill level 5 in Axes
   363 | D:3      | Reached XP level 5. HP: 37/46 MP: 5/5
   371 | D:3      | Reached skill level 6 in Axes
   444 | D:5      | Entered Level 5 of the Dungeon
   444 | D:5      | Noticed Pikel
   444 | D:5      | Noticed a lemure
   444 | D:5      | Noticed a lemure
   444 | D:5      | Noticed a lemure
   444 | D:5      | Noticed a lemure
   459 | D:4      | Killed a lemure
   465 | D:4      | Your magical essence is drained by the effort!
   466 | D:4      | Killed a lemure
   664 | D:7      | Found a flagged portal.
   667 | D:7      | Reached skill level 7 in Axes
   670 | D:7      | Reached XP level 6. HP: 46/55 MP: 5/5
   679 | Bailey   | Entered a bailey
   697 | Bailey   | Noticed an orc warrior
   720 | Bailey   | Killed an orc warrior
   739 | Bailey   | Your magical essence is drained by the effort!
   752 | Bailey   | Noticed an orc knight
   752 | Bailey   | Noticed an orc knight
   752 | Bailey   | Noticed an orc warrior
   753 | Bailey   | Noticed an orc knight
   756 | Bailey   | Your magical essence is drained by the effort!
   759 | Bailey   | Your magical essence is drained by the effort!
   768 | Bailey   | Noticed an orc warrior
   790 | Bailey   | Killed an orc warrior
   791 | Bailey   | Reached skill level 8 in Axes
   819 | Bailey   | Demolished by an orc knight

Illustrated notes

Levels and vault maps discovered:
D:1:      shiori_arrival_oz, layout_basic
D:2:      layout_loops_ring
D:3:      layout_rooms, overflow_temple_1_default, bloody_trog,
          kennysheep_generic_room_4
D:4:      layout_layer_cave, serial_shops, shop, gammafunk_ghost_abyssal_escape,
          chequers_serial_rivers_micro_d, due_unseen_surprise
D:5:      layout_loops_ring, uniq_pikel
D:6:      layout_basic
D:7:      cheibrodos_shockbox, layout_loops_cross,
          chequers_temple_overflow_statue_of_worship,
          minmay_temple_entry_drinking_statues, enter_bailey_3,
          grunt_decor_arrowhead, hangedman_decor_slide_cut
Bailey:   bailey_polearm_1, bailey

Skill      XL: |  1  2  3  4  5  6 |
---------------+-------------------+-----
Axes           | 3 4 5 7 8 |  8.2
Fighting       | |  2.6
Armour         | |  3.2
Shields        | |  3.2

Action                   |  1- 3 |  4- 6 || total
-------------------------+-------+-------++-------
Melee: War axe           |    48 |   148 ||   196
 Abil: Heal Wounds       |     2 |    10 ||    12
  Use: Scroll            |       |     6 ||     6
       Potion            |       |     1 ||     1
Armor: Scale mail        |    41 |       ||    41
       Plate armour      |    26 |   152 ||   178
Dodge: Dodged            |    43 |    41 ||    84
Block: Kite shield       |    57 |   131 ||   188
